 Dungeon Crawl Stone Soup version 0.29-a0-233-g1125b37a9b (webtiles) character file.

Game seed: 3532613452540115979

1928 Crownlay the Spear-Bearer (level 8, 0/70 HPs)
             Began as a Minotaur Fighter on Mar 1, 2022.
             Was a Priest of Ru.
             Slain by a gnoll
             ... wielding a +0 whip
              (2 damage)
             ... on level 6 of the Dungeon.
             The game lasted 00:13:10 (5581 turns).

Crownlay the Spear-Bearer (Minotaur Fighter)        Turns: 5581, Time: 00:13:11

Health: 0/70       AC:  8    Str: 23    XL:     8   Next: 96%
Magic:  7/7        EV:  9    Int:  5    God:    Ru [***...]
Gold:   304        SH:  5    Dex: 10    Spells: 7/7 levels left

rFire   . . .      SeeInvis .   a - +0 trident
rCold   . . .      Faith    .   c - +0 buckler
rNeg    . . .      Spirit   .   b - +0 scale mail
rPois   .          Reflect  .   (helmet restricted)
rElec   .          Harm     .   (no cloak)
rCorr   .          Rampage  .   (no gloves)
Will    .....                   q - +0 pair of boots
Stlth   ..........              e - amulet of regeneration
HPRegen 1.01/turn               (no ring)
MPRegen 0.10/turn               (no ring)

@: no status effects
A: horns 2, hated by all, unskilled 1, retaliatory headbutt
a: Renounce Religion, Draw Out Power


You were on level 6 of the Dungeon.
You worshipped Ru.
Ru was most pleased with you.
You visited 1 branch of the dungeon, and saw 6 of its levels.

You collected 304 gold pieces.

Inventory:

Hand Weapons
 a - a +0 trident (weapon)
 f - a +0 hunting sling
Armour
 b - a +0 scale mail (worn)
 c - a +0 buckler (worn)
 q - a +0 pair of boots (worn)
 y - a +1 scale mail of fire resistance
Jewellery
 e - an amulet of regeneration (around neck)
 v - an amulet of reflection
Wands
 l - a wand of charming (13)
 s - a wand of iceblast (18)
Scrolls
 k - 2 scrolls of immolation
 m - a scroll of summoning
 n - 2 scrolls of enchant weapon
 p - 2 scrolls of acquirement {unknown}
 r - a scroll of fear {unknown}
 u - a scroll of silence {unknown}
 w - 2 scrolls of teleportation {unknown}
 x - a scroll of vulnerability {unknown}
Potions
 d - 2 potions of might
 g - a potion of heal wounds {unknown}
 h - 2 potions of flight
 i - 4 potions of curing
 j - a potion of brilliance {unknown}
 o - a potion of mutation {unknown}
 t - a potion of resistance {unknown}
 z - a potion of haste


   Skills:
 * Level 6.3 Fighting
 * Level 9.2 Polearms
 - Level 5.4 Armour
 + Level 6.8 Shields


You had 7 spell levels left.
You didn't know any spells.
Your spell library contained the following spells:

 Spells                   Type           Power      Damage    Failure   Level
 Foxfire                  Conj/Fire      0%         2x1d4     85%         1
 Ensorcelled Hibernation  Hex/Ice        0%         N/A       94%         2
 Conjure Flame            Conj/Fire      0%         6-21      99%         3
 Inner Flame              Hex/Fire       0%         N/A       99%         3
 Spider Form              Tmut/Pois      0%         N/A       99%         3
 Anguish                  Hex/Necr       0%         N/A       100%        4
 Flame Wave               Conj/Fire      0%         2d4       100%        4


Dungeon Overview and Level Annotations

Branches:
Dungeon (6/15)
 Temple: D:4-7

Altars:
Fedhas
Ru

Shops:
D:5 :

Annotations:
D:4 1 runed translucent door, Crazy Yiuf, Grinder


Innate Abilities, Weirdness & Mutations

You have a pair of horns on your head.
You are hated by all.
You are somewhat unskilled. (-1 Apt)
You reflexively headbutt those who attack you in melee.


Message History

There is a stone staircase leading down here.
HP restored.
Done exploring.
Okay, then.
You climb downwards.
The two-headed ogre hits you with a +0 giant club!
You block the two-headed ogre's attack. The gnoll hits you with a +0 whip.
You focus your inner power and illuminate the gnoll in retribution!
There is a stone staircase leading up, spattered with blood here.
You hit the two-headed ogre but do no damage.
The two-headed ogre hits you with a +0 giant club!!
The two-headed ogre completely misses you.
The gnoll is stunned by your conviction and fails to attack.
You barely miss the two-headed ogre.
You block the two-headed ogre's attack. x2
The gnoll barely misses you.
You puncture the two-headed ogre! You headbutt the two-headed ogre!
The two-headed ogre is moderately wounded.
You hit the two-headed ogre.
Your headbutt misses the two-headed ogre.
The two-headed ogre is heavily wounded.
You block the two-headed ogre's attack.
The two-headed ogre hits you with a +0 giant club!
You block the gnoll's attack.
You puncture the two-headed ogre!
The two-headed ogre is severely wounded.
You block the gnoll's attack.
The two-headed ogre hits you with a +0 giant club!
* * * LOW HITPOINT WARNING * * *
You block the two-headed ogre's attack.
You hit the two-headed ogre.
The two-headed ogre is severely wounded.
The gnoll stops glowing.
The gnoll hits you but does no damage.
You puncture the two-headed ogre!
You headbutt the two-headed ogre, but do no damage.
The two-headed ogre is almost dead.
The two-headed ogre barely misses you.
The two-headed ogre hits you with a +0 giant club!!
* * * LOW HITPOINT WARNING * * *
The gnoll hits you with a +0 whip.
You die...

#........#.<......< ...
....[##.####.##...# #..# #(.
#)####.###.## #..# # #
#......#...# #..## ##.
###).......########..###..
#####.####.........# #$.#..#
#.....#####..#...#.###.)...#
#.....#............)).)))..)
#.....†.#.#@g......)........
#.....#...#.O...............
#..................###...###
#########........### #...#
###.###### #...# ######.#
#...# #......# #...#
########


You could see a two-headed ogre and a gnoll.

Vanquished Creatures
  Menkaure (D:4)
  Edmund (D:6)
  A water moccasin (D:4)
  A black bear (D:6)
  3 ogres
  A centaur (D:5)
  The ghost of p0werm0de the Sneak, an amateur OpBr of Cheibriados (D:3)
  A phantom (D:5)
  A bullfrog (D:4)
  A necrophage (D:5)
  A scorpion (D:3)
  3 wights (D:6)
  A howler monkey (D:5)
  5 hounds
  4 iguanas
  2 orc wizards
  5 adders
  10 gnolls
  5 worms
  2 dart slugs
  22 orcs
  4 endoplasms
  5 giant cockroaches
  41 goblins
  28 hobgoblins
  5 jackals
  6 kobolds
  3 quokkas
  16 ball pythons
  7 bats
  5 frilled lizards
  7 rats
  2 bushes (D:2)
201 creatures vanquished.

Vanquished Creatures (others)
  15 plants
15 creatures vanquished.

Grand Total: 216 creatures vanquished

Notes
Turn   | Place    | Note
-------+----------+-------------------------------------------
     0 | D:1      | Crownlay the Minotaur Fighter began the quest for the Orb.
     0 | D:1      | Reached XP level 1. HP: 19/19 MP: 0/0
   121 | D:1      | Reached skill level 3 in Polearms
   190 | D:1      | Reached XP level 2. HP: 27/27 MP: 1/1
   626 | D:1      | Found a faded altar of an unknown god.
   691 | D:1      | Reached XP level 3. HP: 15/33 MP: 2/2
   968 | D:2      | Reached skill level 4 in Polearms
  1294 | D:2      | Reached XP level 4. HP: 38/41 MP: 3/3
  2219 | D:3      | Found a runed translucent door.
  2355 | D:3      | Reached skill level 5 in Polearms
  2369 | D:3      | Found a sacrificial altar of Ru.
  2370 | D:3      | Noticed a scorpion
  2376 | D:3      | Killed a scorpion
  2377 | D:3      | Reached XP level 5. HP: 47/47 MP: 4/4
  2444 | D:3      | Became a worshipper of Ru the Awakened
  2507 | D:3      | Reached skill level 5 in Fighting
  2778 | D:3      | Reached skill level 6 in Polearms
  2778 | D:3      | Reached XP level 6. HP: 56/56 MP: 5/5
  2995 | D:3      | Noticed p0werm0de's ghost (amateur OpBr)
  3457 | D:4      | Reached skill level 5 in Shields
  3560 | D:4      | Noticed Menkaure
  3563 | D:4      | Gained mutation: You are hated by all. [Ru sacrifice]
  3563 | D:4      | Reached * piety under Ru
  3563 | D:4      | Reached ** piety under Ru
  3571 | D:4      | Killed Menkaure
  3572 | D:4      | Reached skill level 7 in Polearms
  3572 | D:4      | Reached XP level 7. HP: 35/61 MP: 6/6
  3757 | D:4      | Reached skill level 5 in Armour
  3898 | D:4      | Reached skill level 8 in Polearms
  4161 | D:4      | Found a runed translucent door.
  4162 | D:4      | Noticed Crazy Yiuf
  4164 | D:4      | Noticed Grinder
  4500 | D:3      | Killed p0werm0de's ghost
  4501 | D:3      | Reached XP level 8. HP: 67/68 MP: 7/7
  4626 | D:5      | Entered Level 5 of the Dungeon
  4789 | D:5      | Reached skill level 9 in Polearms
  5222 | D:5      | Found Ziarr's Book Shoppe.
  5396 | D:6      | Gained mutation: You are somewhat unskilled. (-1 Apt) [Ru
                  | sacrifice]
  5396 | D:6      | Reduced skill Polearms to level 8
  5396 | D:6      | Reduced skill Armour to level 5
  5396 | D:6      | Reached *** piety under Ru
  5441 | D:6      | Reached skill level 9 in Polearms
  5476 | D:6      | Noticed Edmund
  5486 | D:6      | Killed Edmund
  5510 | D:6      | Noticed a two-headed ogre
  5581 | D:6      | HP: 2/70 [two-headed ogre/+0 giant club (19)]
  5581 | D:6      | Slain by a gnoll

Illustrated notes

Levels and vault maps discovered:
D:1:      roderic_octagonal_star, layout_basic,
          nicolae_ecumenical_snake_handling, nrook_uturn,
          corexii_item_surrounded_by_moat
D:2:      layout_rooms, serial_forest, infiniplex_forest_join,
          infiniplex_forest_corner_1, infiniplex_forest_clump_double,
          infiniplex_forest_end_2, infiniplex_forest_end_2,
          minmay_shallow_snake_nest
D:3:      minmay_goblin_kobold_castle, layout_basic,
          nicolae_ru_sacrificial_ziggurat, ebering_ghost_inner_flame,
          st_stairs_11, minmay_close_crescents
D:4:      layout_loops_ring, kennysheep_mini, sigmund_army,
          uniq_crazy_yiuf_cottage, uniq_grinder, uniq_menkaure
D:5:      layout_basic, serial_shops, kennysheep_mini_moat
D:6:      minmay_opposing_rooms, layout_loops_cross,
          mainiacjoe_overflow_boulevard, nemelex_diamond_rough_becter,
          nicolae_grassy_gnolls, uniq_edmund

Skill      XL: |  1  2  3  4  5  6  7  8 |
---------------+-------------------------+-----
Polearms       | 3 4 5 6 7 8 9 |  9.2
Fighting       | 4 5 6 |  6.3
Shields        | 4 5 6 |  6.8
Armour         | 4 5 5 |  5.4

Action                   |  1- 3 |  4- 6 |  7- 9 || total
-------------------------+-------+-------+-------++-------
Melee: Trident           |    84 |   345 |   236 ||   665
       Headbutt          |    10 |    74 |    42 ||   126
 Fire: Hunting sling     |    49 |     2 |       ||    51
Invok: Sacrifice Love    |       |     1 |       ||     1
       Sacrifice Skill   |       |       |     1 ||     1
  Use: Scroll            |       |     4 |     2 ||     6
Armor: Scale mail        |    46 |    80 |    45 ||   171
Dodge: Dodged            |    47 |    97 |    56 ||   200
Block: Buckler           |    17 |    48 |    41 ||   106

Table legend: (Time is in decaauts)
 A = Elapsed time spent in this place.
 B = Non-inter-level travel time spent in this place.
 C = Inter-level travel time spent in this place.
 D = Time resting spent in this place.
 E = Time spent auto-exploring this place.
 F = Levels seen in this place.
 G = Mean time per level.
                   A        B        C        D        E       F      G
               +--------+--------+--------+--------+--------+-----+--------+
         Total |   5645 |   5367 |    278 |      0 |   4108 |   6 |  940.8 |
       Dungeon |   5645 |   5367 |    278 |      0 |   4108 |   6 |  940.8 |
               +--------+--------+--------+--------+--------+-----+--------+

Top non-repeatable levels by time:
     D:3: 1343 daAuts
     D:2: 1219 daAuts
     D:4: 1147 daAuts
     D:1: 993 daAuts
     D:5: 791 daAuts
     D:6: 150 daAuts
